 Dungeon Crawl Stone Soup version 0.28.0 (webtiles) character file.

Game seed: 2079557010624603224

33 themarg the Caller (level 3, -2/24 HPs)
             Began as a Merfolk Summoner on Feb 17, 2022.
             Slain by an adder (3 damage)
             ... on level 2 of the Dungeon.
             The game lasted 00:06:26 (1789 turns).

themarg the Caller (Merfolk Summoner)               Turns: 1789, Time: 00:06:27

Health: -2/24      AC:  2    Str:  7 (8)  XL:     3   Next: 29%
Magic:  1/6        EV: 13    Int: 15 (16) God:
Gold:   72         SH:  0    Dex: 17 (20) Spells: 6/7 levels left

rFire   . . .      SeeInvis .   g - +0 short sword
rCold   . . .      Faith    .   (no shield)
rNeg    . . .      Spirit   .   a - +0 robe
rPois   .          Reflect  .   (no helmet)
rElec   .          Harm     .   (no cloak)
rCorr   .          Rampage  .   (no gloves)
Will    +....                   (no boots)
Stlth   ++........              (no amulet)
HPRegen 0.08/turn               c - +6 ring of dexterity
MPRegen 0.10/turn               d - ring of willpower

@: lethally poisoned (-2 -> -4), very slightly contaminated
A: (nimble swimmer 2), mertail
a: no special abilities


You were on level 2 of the Dungeon.
You visited 1 branch of the dungeon, and saw 2 of its levels.

You collected 72 gold pieces.

Inventory:

Hand Weapons
 g - a +0 short sword (weapon)
Armour
 a - a +0 robe (worn)
Jewellery
 c - a +6 ring of dexterity (left hand)
 d - a ring of willpower (right hand)
Scrolls
 e - a scroll of identify {unknown}
Potions
 f - a potion of berserk rage {unknown}


   Skills:
 + Level 2.7 Dodging
 + Level 2.2 Stealth
 + Level 2.5 Spellcasting
 + Level 4.7 Summonings


You had 6 spell levels left.
You knew the following spells:

 Your Spells              Type           Power      Damage    Failure   Level
a - Summon Small Mammal   Summ           64%        N/A       3%          1

Your spell library contained the following spells:

 Spells                   Type           Power      Damage    Failure   Level
 Call Imp                 Summ           16%        N/A       4%          2
 Call Canine Familiar     Summ           16%        N/A       9%          3
 Summon Guardian Golem    Hex/Summ       8%         N/A       24%         3
 Summon Lightning Spire   Summ/Air       8%         N/A       63%         4


Dungeon Overview and Level Annotations

Branches:
Dungeon (2/15)

Altars:

Annotations:
D:2 Sigmund


Innate Abilities, Weirdness & Mutations

((You are very nimble when in or above water. (Stealth+, EV+, Speed+++)))
Your lower body shifts to a powerful aquatic tail in water.


Message History

The adder barely misses your quokka.
You feel sick.
Your bat barely misses the adder.
Your quokka completely misses the adder.
The adder bites your quokka.
Your quokka is poisoned.
The adder poisons your quokka!
You feel sick.
Your quokka misses the adder. The adder barely misses your quokka.
Your quokka misses the adder.
You feel sick. The adder barely misses your quokka.
Your quokka barely misses the adder.
The adder bites your quokka.
Your quokka dies!
Your quokka's corpse disappears in a puff of smoke!
You feel sick.
You are no longer poisoned.
Your bat hits the adder but does no damage.
The adder barely misses your bat.
Your bat completely misses the adder.
Casting: Summon Small Mammal (safe; 2% risk of failure)
Confirm with . or Enter, or press ? or * to list all spells.
You miscast Summon Small Mammal.
You are very lightly contaminated with residual magic.
Nothing appears to happen.
Your bat misses the adder. Your bat hits the adder. The adder bites you.
* * * LOW HITPOINT WARNING * * *
Your bat closely misses the adder.
The adder bites you.
* * * LOW HITPOINT WARNING * * *
You are lethally poisoned!
The adder poisons you!
It was a potion of degeneration.
There was something very wrong with that liquid.
You feel weakened.
You feel dopey.
You feel clumsy.
* * * LOW HITPOINT WARNING * * *
You feel sick.
Your bat hits the adder but does no damage.
The adder misses you.
Casting: Summon Small Mammal (safe; 3% risk of failure)
Confirm with . or Enter, or press ? or * to list all spells.
* * * LOW HITPOINT WARNING * * *
You feel sick.
Your bat closely misses the adder.
The adder bites you.
You die...

#.##...♣.♣ #.##...#.#
######..).....######
.....................
#.##.###÷####)#######
#.###.####.#
.......††..#
.##.###.##.#
....†.r.@S.#
.#.##.#.##b#
.....##..#
!.#.#......#
.(....#.##....# ....#
..##....'. #.#.
#.##....### . #.
....##


You could see an adder (ally target), a friendly bat (summoned) and a friendly
rat (summoned).

Vanquished Creatures
  A goblin (D:2)
  A hobgoblin (D:1)
  2 kobolds (D:2)
  A rat (D:1)
5 creatures vanquished.

Vanquished Creatures (collateral kills)
  A worm (D:2)
  2 dart slugs
  2 endoplasms (D:1)
  2 giant cockroaches
  2 goblins (D:1)
  2 hobgoblins
  A kobold (D:2)
  2 quokkas (D:2)
  3 ball pythons
  A bat (D:1)
  A rat (D:2)
19 creatures vanquished.

Vanquished Creatures (others)
  6 plants (D:2)
6 creatures vanquished.

Grand Total: 30 creatures vanquished

Notes
Turn   | Place    | Note
-------+----------+-------------------------------------------
     0 | D:1      | themarg the Merfolk Summoner began the quest for the Orb.
     0 | D:1      | Reached XP level 1. HP: 13/13 MP: 3/3
   399 | D:1      | Reached XP level 2. HP: 14/19 MP: 3/5
  1336 | D:2      | Found a faded altar of an unknown god.
  1340 | D:2      | Noticed Sigmund
  1546 | D:2      | Reached XP level 3. HP: 24/24 MP: 3/6
  1788 | D:2      | HP: 1/24 [poisoned by an adder]
  1789 | D:2      | Slain by an adder

Illustrated notes

Levels and vault maps discovered:
D:1:      roderic_dead_forest, layout_basic, serial_corexii_hall,
          chequers_hall_statues_wall_a, chequers_hall_statues_corner_a,
          minmay_misc_feat_secret_circle, chequers_serial_rivers_micro_a,
          hex_tiny, minmay_misc_feat_rugged
D:2:      layout_loops_corners, hellmonk_ecumenical_altar_run_dry, basic_altar,
          serial_forest, infiniplex_forest_straight_2,
          infiniplex_forest_corner_1, infiniplex_forest_clump_C,
          infiniplex_forest_split, infiniplex_forest_clump_cross,
          infiniplex_forest_end_3, infiniplex_forest_straight_5,
          infiniplex_forest_end_2, minmay_diced_spiral, uniq_sigmund

Action                   || total
-------------------------++-------
Melee: Unarmed           ||    10
       Short sword       ||    16
       Hand axe          ||     8
       Punch             ||     1
 Cast: Summon Small Mamm ||    46
  Use: Potion            ||     1
Armor: Robe              ||     2
Dodge: Dodged            ||    31
